 Dungeon Crawl Stone Soup version 0.21-a0-274-gc1afaeb (webtiles) character file.

1500 Vespertine the Skirmisher (level 8, -7/52 HPs)
             Began as a Gargoyle Fighter on Sept 19, 2017.
             Was an Initiate of Gozag.
             Killed by divine providence
             ... invoked by an orc priest
              (13 damage)
             ... on level 7 of the Dungeon.
             The game lasted 00:08:59 (6579 turns).

Vespertine the Skirmisher (Gargoyle Fighter)        Turns: 6579, Time: 00:08:59

Health: -7/52      AC: 19    Str: 24    XL:     8   Next: 81%
Magic:  0/8        EV:  5    Int:  9    God:    Gozag
Gold:   279        SH: 10    Dex:  9    Spells: 7/7 levels left

rFire    . . .     SeeInvis +   l - +1 hand axe (chop)
rCold    . . .     Gourm    .   c - +0 shield
rNeg     + . .     Faith    .   C - +0 plate armour
rPois    ∞         Spirit   +   (no helmet)
rElec    +         Reflect  .   o - scarf {Spirit}
rCorr    .         Harm     .   p - +0 pair of gloves
MR       .....                  (no boots)
Stlth    ..........             (no amulet)
HPRegen  0.17/turn              s - -3 ring of strength (curse)
MPRegen  0.11/turn              r - ring of see invisible

@: mighty
A: negative energy resistance 1, electricity resistance, unbreathing,
petrification resistance, rot immunity, AC +5
a: Potion Petition, Call Merchant, Bribe Branch, Renounce Religion


You were on level 7 of the Dungeon.
You worshipped Gozag.
Gozag was aware of your devotion.
You were not hungry.

You visited 2 branches of the dungeon, and saw 8 of its levels.

You collected 358 gold pieces.
You paid 79 gold pieces to Gozag.

Inventory:

Hand Weapons
 a - a +0 long sword
 l - a +1 hand axe of chopping (weapon)
 w - a +0 war axe
Missiles
 e - 191 stones (quivered)
Armour
 b - a +0 scale mail
 c - a +0 shield (worn)
 g - a +1 cloak
 j - a +0 large shield
 o - a scarf of spirit shield (worn)
 p - a +0 pair of gloves (worn)
 C - a +0 plate armour (worn)
Jewellery
 r - a ring of see invisible (right hand)
 s - a cursed -3 ring of strength (left hand)
Wands
 k - a wand of enslavement (11/24)
 B - a wand of random effects (14/48)
Scrolls
 q - a scroll of enchant weapon
 u - 4 scrolls of identify
 x - 2 scrolls of fog {unknown}
 y - a scroll of random uselessness
 A - a scroll of teleportation
Potions
 h - a potion of heal wounds {unknown}
 i - a potion of mutation {unknown}
 n - a potion of berserk rage {unknown}
 t - 2 potions of ambrosia {unknown}
 z - a potion of cancellation {unknown}
Comestibles
 f - 3 bread rations
 m - 6 fruits
 v - a meat ration


   Skills:
 + Level 6.4 Fighting
 - Level 2.1 Long Blades
 * Level 5.6 Axes
 + Level 6.1 Armour
 + Level 6.2 Shields


You had 7 spell levels left.
You didn't know any spells.

Dungeon Overview and Level Annotations

Branches:
Dungeon (7/15)             Temple (1/1) D:6

Altars:
Ashenzari
Cheibriados
Dithmenos
Elyvilon
Fedhas
Gozag
Hepliaklqana
Kikubaaqudgha
Makhleb
Nemelex Xobeh
Okawaru
Qazlal
Ru
Sif Muna
Trog
Uskayaw
Wu Jian
Xom
Yredelemnul
Zin
The Shining One


Innate Abilities, Weirdness & Mutations

You are resistant to torment.
Your stone body is resilient. (AC +5)
You are immune to poison.
You resist negative energy. (rN+)
You are resistant to electric shocks. (rElec)
You can survive without breathing.
You are immune to petrification.
You are immune to rotting.


Message History

Beogh smites you!
You hear a shout!
You feel very mighty all of a sudden.
The orc warrior hits you with a scimitar!
You slash the orc warrior!
The orc warrior is almost dead.
The orc priest mumbles some strange prayers to Beogh against you.
Beogh smites you!
* * * LOW HITPOINT WARNING * * *
The orc warrior barely misses you.
You barely miss the orc warrior.
The orc warrior is almost dead.
The orc warrior hits you with a scimitar!
* * * LOW HITPOINT WARNING * * *
You closely miss the orc warrior.
The orc warrior is almost dead.
The orc priest invokes the aid of Beogh against you.
Beogh smites you!
You die...
Your body crumbles into a pile of gold.

#############
#.....##....#
#.....##.##.#####
#.....##.##..@oo#
#........######o#
#.....#### #
###.### #.#
######.# .......#
########


You could see an orc warrior, an orc priest and an orc.

Vanquished Creatures
  An orc warrior (D:6)
  An ice beast (D:6)
  2 phantoms
  3 ogres
  A bullfrog (D:6)
  2 scorpions
  A jelly (D:6)
  A crimson imp (D:6)
  A hound (D:4)
  An orc priest (D:4)
  Crazy Yiuf (D:2)
  2 bullfrog skeletons (D:6)
  A gnoll shaman (D:4)
  2 orc wizards
  An iguana (D:3)
  Natasha (thrice) (D:2)
  A worker ant (D:5)
  A hound zombie (D:7)
  9 adders
  6 gnolls
  2 shadow imps
  An adder skeleton (D:4)
  A worm (D:2)
  3 dart slugs
  3 leopard geckos
  20 orcs
  3 giant cockroaches
  4 goblins
  5 hobgoblins
  6 jackals
  2 quokkas (D:4)
  8 bats
  9 frilled lizards
  A jackal skeleton (D:6)
  6 kobolds
  2 leopard gecko skeletons (D:4)
  A quokka zombie (D:5)
  8 rats
  A fungus (D:2)
127 creatures vanquished.

Notes
Turn   | Place    | Note
-------+----------+-------------------------------------------
     0 | D:1      | Vespertine the Gargoyle Fighter began the quest for the Orb.
     0 | D:1      | Reached XP level 1. HP: 14/14 MP: 1/1
    92 | D:1      | Reached XP level 2. HP: 17/19 MP: 2/2
   881 | D:1      | Reached XP level 3. HP: 23/23 MP: 1/3
  1089 | D:2      | Reached skill level 1 in Axes
  1153 | D:2      | Reached XP level 4. HP: 26/29 MP: 4/4
  1437 | D:2      | Noticed Natasha
  1445 | D:2      | Killed Natasha
  1629 | D:2      | Found a faded altar of an unknown god.
  1629 | D:2      | Found a shattered altar of Ashenzari.
  1636 | D:2      | Found a shadowy altar of Dithmenos.
  1647 | D:2      | Found a white marble altar of Elyvilon.
  1648 | D:2      | Found a shimmering altar of Xom.
  1667 | D:2      | Noticed Natasha
  1675 | D:2      | Killed Natasha
  1675 | D:2      | Reached XP level 5. HP: 33/33 MP: 5/5
  1771 | D:2      | Found a runed door.
  1775 | D:2      | Noticed Crazy Yiuf
  1787 | D:2      | Killed Crazy Yiuf
  1855 | D:2      | Noticed Natasha
  1868 | D:2      | Killed Natasha
  2143 | D:3      | Reached XP level 6. HP: 37/39 MP: 6/6
  2445 | D:3      | Found a stormy altar of Qazlal.
  2450 | D:3      | Found a blossoming altar of Fedhas.
  2799 | D:4      | Reached skill level 5 in Fighting
  2801 | D:4      | HP: 2/40 [orc priest/divine providence (15)]
  2810 | D:4      | Reached XP level 7. HP: 28/44 MP: 7/7
  3360 | D:4      | Noticed a dagger
  3361 | D:4      | Found a hide-covered altar of Uskayaw.
  3363 | D:4      | Noticed a hand axe
  3692 | D:5      | Entered Level 5 of the Dungeon
  3810 | D:5      | Reached skill level 5 in Shields
  3822 | D:5      | Reached skill level 5 in Armour
  5125 | D:6      | Found a sparkling altar of Nemelex Xobeh.
  5149 | D:6      | Reached XP level 8. HP: 45/51 MP: 8/8
  5535 | D:6      | Found a staircase to the Ecumenical Temple.
  5574 | Temple   | Entered the Ecumenical Temple
  5662 | Temple   | Became a worshipper of Gozag Ym Sagoz the Greedy
  5714 | D:6      | Reached skill level 5 in Axes
  5864 | D:6      | Found an iron altar of Okawaru.
  6579 | D:7      | Killed from afar by an orc priest

Vault maps used:
D:1:      giann_wishing_wells
D:2:      chequers_temple_overflow_minitemple, first_bread, uniq_natasha,
          uniq_crazy_yiuf_cottage
D:3:      grunt_temple_overflow_forces_of_nature
D:4:      dancing_weapons_uskayaw, hex_tiny, minmay_bent
D:5:      serial_co_window_serial, co_window_corner_a, co_window_paths_b,
          co_window_of_opportunity_a, co_window_of_opportunity_a,
          co_window_corner_a, co_window_of_opportunity_a, co_window_corner_cb,
          co_window_corner_b, co_window_2corner, co_window_broadway_b,
          co_window_broadway_b, co_window_corner_b, co_window_paths_e,
          glass_columns_b, glass_columns_b, glass_columns_c, glass_columns_a
D:6:      kennysheep_little_box, nemelex_altar_shiori, minmay_temple_entry_mist,
          lemuel_flame_loot_1
D:7:      uniq_prince_ribbit1
Temple:   minmay_temple_bridge_abc

Skill      XL: |  1  2  3  4  5  6  7  8 |
---------------+-------------------------+-----
Long Blades    | 2 |  2.1
Axes           | 1 2 3 4 5 |  5.6
Fighting       | 4 5 6 |  6.4
Armour         | 4 5 6 |  6.1
Shields        | 4 5 6 |  6.2

Action                   |  1- 3 |  4- 6 |  7- 9 || total
-------------------------+-------+-------+-------++-------
Melee: Long sword        |    58 |       |       ||    58
       Hand axe          |    83 |   157 |   312 ||   552
  Use: Scroll            |       |     7 |     2 ||     9
       Potion            |       |     3 |     2 ||     5
 Stab: Distracted        |       |       |     1 ||     1
  Eat: Chunk             |     1 |     6 |     4 ||    11
       Bread ration      |       |       |     2 ||     2
Armor: Scale mail        |    71 |       |       ||    71
       Chain mail        |    27 |   104 |   100 ||   231
       Plate armour      |       |       |    76 ||    76
Dodge: Dodged            |    41 |    35 |    47 ||   123
Block: Shield            |    88 |    73 |   132 ||   293
       Rpst.: Long sword |     5 |       |       ||     5

Table legend:
 A = Spawn XP
 B = Non-spawn XP
 C = Spawn XP percentage of total XP
 D = Spawn monster count
 E = Non-spawn monster count
 F = Spawn count percentage of total count
 G = Total turns spent on level
                    A         B        C        D         E        F      G
               +---------+---------+-------+---------+---------+-------+---------
         Total |       0 |    2144 |   0.0 |       0 |     126 |   0.0 |  6579
               +---------+---------+-------+---------+---------+-------+---------
           D:1 |       0 |      36 |   0.0 |       0 |      23 |   0.0 |  1053
           D:2 |       0 |     223 |   0.0 |       0 |      26 |   0.0 |  1011
           D:3 |       0 |     134 |   0.0 |       0 |      14 |   0.0 |   527
           D:4 |       0 |     422 |   0.0 |       0 |      25 |   0.0 |  1101
           D:5 |       0 |     302 |   0.0 |       0 |       7 |   0.0 |  1395
           D:6 |       0 |     828 |   0.0 |       0 |      25 |   0.0 |  1248
           D:7 |       0 |     199 |   0.0 |       0 |       6 |   0.0 |   134
               +---------+---------+-------+---------+---------+-------+---------
